 Dungeon Crawl Stone Soup version 0.29.0-5-ge4962eb29e (webtiles) character file.

Game seed: 14656903839430075433

49 Persephone the Cudgeller (level 3, -4/23 HPs)
             Began as a Gargoyle Fighter on Aug 29, 2022.
             Slain by Crazy Yiuf
             ... wielding a +2 quarterstaff of chaos
              (15 damage)
             ... on level 2 of the Dungeon.
             The game lasted 00:04:10 (1809 turns).

Persephone the Cudgeller (Gargoyle Fighter)         Turns: 1809, Time: 00:04:10

Health: -4/23      AC: 11    Str: 21    XL:     3   Next: 75%
Magic:  0/3        EV:  9    Int:  8    God:
Gold:   126        SH:  4    Dex:  9    Spells: 2/2 levels left

rFire   . . .      SeeInvis .   a - +0 flail
rCold   . . .      Faith    .   c - +0 buckler
rNeg    + . .      Spirit   .   b - +1 scale mail
rPois   ∞          Reflect  .   (no helmet)
rElec   +          Harm     .   (no cloak)
rCorr   .          Rampage  .   (no gloves)
Will    .....                   (no boots)
Stlth   ..........              (no amulet)
HPRegen 0.07/turn               (no ring)
MPRegen 0.08/turn               (no ring)

@: mighty, slowed, very slow
A: sickness immunity, AC +3, negative energy resistance 1, electricity
resistance, torment resistance 1, petrification resistance
a: no special abilities


You were on level 2 of the Dungeon.
You visited 1 branch of the dungeon, and saw 2 of its levels.

You collected 126 gold pieces.

Inventory:

Hand Weapons
 a - a +0 flail (weapon)
Armour
 b - a +1 scale mail (worn)
 c - a +0 buckler (worn)
Jewellery
 h - a ring of wizardry
Scrolls
 g - 2 scrolls of teleportation
 i - 2 scrolls of noise {unknown}
Potions
 e - a potion of brilliance
 f - a potion of degeneration {unknown}
 j - a potion of lignification {unknown}


   Skills:
 - Level 3.2 Fighting
 * Level 3.6 Maces & Flails
 - Level 3.5 Armour
 - Level 3.5 Shields


You had 2 spell levels left.
You didn't know any spells.
Your spell library contained the following spells:

 Spells                   Type           Power      Damage    Failure   Level
 Portal Projectile        Hex/Tloc       0%         N/A       99%         3
 Tukima's Dance           Hex            0%         N/A       99%         3
 Blade Hands              Tmut           0%         N/A       100%        5


Dungeon Overview and Level Annotations

Branches:
Dungeon (2/15)

Altars:

Annotations:
D:2 Crazy Yiuf


Innate Abilities, Weirdness & Mutations

You are immune to sickness and miasma.
Your stone body is resilient. (AC +3)
You are immune to poison.
You resist negative energy. (rN+)
You are resistant to electric shocks. (rElec)
You are resistant to unholy torment.
You are immune to petrification.


Message History

You sock the bat!
You kill the bat!
A bat comes into view.
Found a stone staircase leading up.
You block the bat's attack.
A bat is nearby!
The bat hits you but does no damage.
No target in view!
Found a scroll labelled VOLEUKYUSS.
The bat closely misses you. The bat hits you but does no damage.
You closely miss the bat. The bat barely misses you.
A bat is nearby!
A bat is nearby!
You closely miss the bat. The bat closely misses you. x2
A bat is nearby!
You sock the bat!
You kill the bat!
You see here a bat corpse.
i - 2 scrolls labelled VOLEUKYUSS (gained 1)
You now have 126 gold pieces (gained 5).
Things that are here:
a rat skeleton; a jackal skeleton You see here a bat skeleton.
Found a hammer.
Found a runed translucent door.
Crazy Yiuf shouts!
You feel very mighty all of a sudden.
You open the door. You barely miss Crazy Yiuf.
Crazy Yiuf hits you with a +2 quarterstaff of chaos!
You feel your power leaking away.
You sock Crazy Yiuf!
Crazy Yiuf is heavily wounded.
Crazy Yiuf yells, "Snurf testudinal childish!"
Crazy Yiuf hits you with a +2 quarterstaff of chaos.
You feel yourself slow down.
You barely miss Crazy Yiuf.
Crazy Yiuf is heavily wounded.
You block Crazy Yiuf's attack.
Crazy Yiuf hits you with a +2 quarterstaff of chaos!
Ouch! That really hurt!
You die...

#.#.##.##..... #.#..#.#######
#.##.#.####### ######.##.....
###### #.......## .....# ###♣♣♣♣♣
##.##.#†## ####.###....♣.♣♣♣ ###
##.##..... ####.........♣..♣#...#
#......... #...........♣♣♣♣@g...#
##.##..... ...........♣♣ ♣♣#..)#
#.##..... #.##.#####♣♣ ###
#........ .....### ######...
#......# #... ####.#.###
############ #...
.......#.####..........# #...
.................##....#######...
.##....##..............##........


You could see Crazy Yiuf.

Vanquished Creatures
  An adder (D:2)
  A dart slug (D:1)
  4 ball pythons (D:1)
  3 endoplasms
  5 giant cockroaches
  A goblin (D:1)
  3 hobgoblins
  3 jackals (D:2)
  A quokka (D:1)
  5 bats
  3 frilled lizards
  4 rats (D:2)
34 creatures vanquished.

Notes
Turn   | Place    | Note
-------+----------+-------------------------------------------
     0 | D:1      | Persephone the Gargoyle Fighter began the quest for the
                  | Orb.
     0 | D:1      | Reached XP level 1. HP: 14/14 MP: 1/1
   312 | D:1      | Found a faded altar of an unknown god.
   378 | D:1      | Reached XP level 2. HP: 19/19 MP: 2/2
  1341 | D:2      | Reached XP level 3. HP: 18/23 MP: 3/3
  1801 | D:2      | Found a runed translucent door.
  1802 | D:2      | Noticed Crazy Yiuf
  1809 | D:2      | Slain by Crazy Yiuf

Illustrated notes

Levels and vault maps discovered:
D:1:      dpeg_arrival_brainrot, layout_basic, hellmonk_ecumenical_altar_zigzags
D:2:      layout_loops_cross, grunt_ministairs_14, serial_bayou_pond_a,
          uniq_crazy_yiuf_cottage

Skill      XL: |  1  2 |
---------------+-------+-----
Maces & Flails | 3 |  3.6
Fighting       | |  3.2
Armour         | |  3.5
Shields        | |  3.5

Action                   || total
-------------------------++-------
Melee: Flail             ||   103
  Use: Scroll            ||     4
       Potion            ||     1
Armor: Scale mail        ||    66
Dodge: Dodged            ||    53
Block: Buckler           ||    17
